 Dungeon Crawl Stone Soup version 0.30-a0-860-g512cf1e979 (webtiles) character file.

Game seed: 17987474704729424260

64115 jasper the Peltast (level 14, -5/108 HPs)
             Began as a Demonspawn Fighter on Mar 7, 2023.
             Was a High Priest of Okawaru.
             Slain by a boulder beetle (26 damage)
             ... on level 13 of the Dungeon.
             The game lasted 01:02:28 (30803 turns).

jasper the Peltast (Demonspawn Fighter)            Turns: 30803, Time: 01:02:29

Health: -5/108     AC: 25    Str: 18    XL:     14   Next: 70%
Magic:  12/20      EV: 17    Int: 10    God:    Okawaru [*****.]
Gold:   415        SH: 20    Dex: 16    Spells: 13/13 levels left

rFire   + + .      SeeInvis .    Y - +0 scimitar (pain)
rCold   + + .      Faith    .    J - +0 kite shield
rNeg    . . .      Spirit   .    c - +2 ice dragon scales
rPois   .          Reflect  .    t - +0 helmet
rElec   .          Rampage  .    d - +0 cloak
rCorr   .                        K - +1 pair of gloves {infuse}
Will    +....                    Z - +2 pair of boots {Fly}
Stlth   +                        M - amulet of the acrobat
HPRegen 0.38/turn                z - +5 ring of evasion
MPRegen 0.17/turn                T - ring "Gapnofaa" {Wiz *Corrode rF+++}

@: lethally poisoned (-5 -> -8), heroic, spiked, flying
A: large bone plates 1, powered by pain 1, demonic magic 2, weakness stinger 2
a: Renounce Religion, Heroism, Finesse, Duel


You were on level 13 of the Dungeon.
You worshipped Okawaru.
Okawaru was extremely pleased with you.
You visited 4 branches of the dungeon, and saw 22 of its levels.

You collected 2082 gold pieces.
You spent 1667 gold pieces at shops.

Inventory:

Hand Weapons
 L - a +0 scimitar
 O - a +0 long sword of flaming
 Y - a +0 scimitar of pain (weapon)
Missiles
 f - 11 poisoned darts (quivered)
 q - a datura-tipped dart
 w - a silver javelin
 A - 7 atropa-tipped darts
 I - 4 boomerangs of dispersal
 P - 3 javelins
Armour
 c - +2 ice dragon scales (worn)
 d - a +0 cloak (worn)
 t - a +0 helmet (worn)
 B - a +4 chain mail of fire resistance
 J - a +0 kite shield (worn)
 K - a +1 pair of gloves of infusion (worn)
 Z - a +2 pair of boots of flying (worn)
Jewellery
 a - a +6 ring of dexterity
 g - a ring of ice
 o - a ring of fire
 z - a +5 ring of evasion (left hand)
 G - a ring of see invisible
 M - an amulet of the acrobat (around neck)
 R - a ring of willpower
 T - the ring "Gapnofaa" (right hand) {Wiz *Corrode rF+++}
   (You found it on level 12 of the Dungeon)

   [ring of wizardry]

   It improves your spell success rate.
   rF:        It renders you almost immune to fire.
   *Corrode:  It may corrode you when you take damage.
 V - a +5 ring of evasion
Wands
 b - a wand of polymorph (3)
 s - a wand of light (5)
 C - a wand of flame (57)
 E - a wand of roots (5)
Scrolls
 e - 5 scrolls of enchant weapon
 m - 4 scrolls of fear
 y - 6 scrolls of vulnerability
 F - a scroll of butterflies
 N - 11 scrolls of identify
 Q - a scroll of fog
 S - a scroll of teleportation
 W - a scroll of blinking
 X - 2 scrolls of magic mapping
Potions
 h - 10 potions of curing
 j - a potion of invisibility
 k - 2 potions of degeneration
 l - 3 potions of mutation
 n - 3 potions of resistance
 p - a potion of magic
 r - 4 potions of cancellation
 u - 3 potions of lignification
 v - 4 potions of attraction
 x - 2 potions of flight
 D - 3 potions of haste


   Skills:
 * Level 9.1(14.1) Fighting
 - Level 14.0(19.0) Long Blades
 - Level 5.0(10.0) Throwing
 + Level 7.7(12.7) Armour
 + Level 2.4(7.4) Dodging
 - Level 15.0(20.0) Shields
 - Level 8.1 Invocations
 + Level 2.8 Evocations


You had 13 spell levels left.
You didn't know any spells.
Your spell library contained the following spells:

 Spells                   Type           Power      Damage    Failure   Level
 Apportation              Tloc           0%         N/A       50%         1
 Magic Dart               Conj           0%         1d3       50%         1
 Sandblast                Erth           0%         2d4       50%         1
 Blink                    Tloc           0%         N/A       65%         2
 Ensorcelled Hibernation  Hex/Ice        0%         N/A       65%         2
 Lesser Beckoning         Tloc           0%         N/A       65%         2
 Momentum Strike          Conj/Tloc      0%         3d8       65%         2
 Passwall                 Tmut/Erth      0%         N/A       65%         2
 Static Discharge         Conj/Air       0%         2-2/arc   65%         2
 Mephitic Cloud           Conj/Pois/Air  0%         N/A       86%         3
 Spider Form              Tmut/Pois      0%         N/A       86%         3
 Stone Arrow              Conj/Erth      0%         3d7       86%         3
 Swiftness                Air            0%         N/A       86%         3
 Vhi's Electric Charge    Tloc/Air       0%         N/A       86%         3
 Anguish                  Hex/Necr       0%         N/A       99%         4
 Passage of Golubria      Tloc           0%         N/A       99%         4
 Arcjolt                  Conj/Air       0%         1d10      100%        5
 Lightning Bolt           Conj/Air       0%         1d11      100%        5
 Conjure Ball Lightning   Conj/Air       0%         3x3d6     100%        6
 Lehudib's Crystal Spear  Conj/Erth      0%         10d2      100%        8
 Call Imp                 Summ           Unusable   N/A       N/A         2
 Animate Armour           Summ/Erth      Unusable   N/A       N/A         4

Dungeon Overview and Level Annotations

Branches:
Dungeon (14/15)            Temple (1/1) D:4            Lair (5/5) D:11
 Spider (0/4) Lair:2        Slime (0/5) Lair:4          Orc (2/2) D:10
    Elf (0/3) Orc:2        Vaults (0/5) D:13
  Swamp: Lair:2-3    Shoals: Lair:2-3

Altars:
Ashenzari
Cheibriados
Dithmenos
Fedhas
Gozag
Hepliaklqana
Kikubaaqudgha
Makhleb
Nemelex Xobeh
Okawaru
Qazlal
Ru
Sif Muna
Trog
Uskayaw
Vehumet
Wu Jian
Xom
Yredelemnul

Shops:
D:4 (   D:5 *   Orc:2 [[[[

Annotations:
D:13 1 runed translucent door


Innate Abilities, Weirdness & Mutations

You are partially covered in large bone plates. (SH +4)
You sometimes gain a little power by taking damage.
Spells you cast may paralyse nearby enemies.
You have a tail ending in a sharp stinger.


Message History

The green ugly thing punches you but does no damage.
You take 3 damage, and have 37/108 hp.
You now have 13/20 mp.
You closely miss the green ugly thing.
The green ugly thing is almost dead.
You feel sick.
You block the manticore's attack. x2; The manticore misses you.
The boulder beetle curls into a ball and begins rolling!
You block the green ugly thing's attack.
You take 2 damage, and have 35/108 hp.
You closely miss the green ugly thing.
The green ugly thing is almost dead.
You feel sick.
The manticore bites you but does no damage.
You block the manticore's attack.
The manticore claws you but does no damage.
You take 1 damage, and have 34/108 hp.
You slash the green ugly thing!
The green ugly thing is almost dead.
You feel sick. The green ugly thing punches you!
* * * LOW HITPOINT WARNING * * *
The manticore barely misses you. You block the manticore's attack. x2
You take 8 damage, and have 26/108 hp.
You now have 13/20 mp.
You closely miss the green ugly thing.
The green ugly thing is almost dead.
You feel sick.
You block the green ugly thing's attack.
You take 1 damage, and have 25/108 hp.
You closely miss the green ugly thing.
You tail-slap the green ugly thing, but do no damage.
The green ugly thing is almost dead.
You feel sick. You block the manticore's attack.
The manticore claws you but does no damage.
You block the manticore's attack. The green ugly thing misses you.
You take 1 damage, and have 24/108 hp.
You slash the green ugly thing!
You kill the green ugly thing!
Okawaru accepts your kill.
You feel sick. The manticore bites you.
* * * LOW HITPOINT WARNING * * *
You block the manticore's attack. x2; The boulder beetle hits you!!
You die...

##........# .... #.#
..........#######..#######.#
.......##.#.....#..#.....#.#
#.#....##.#.....#..#.....#.#
#..<......#.....#..#.....#.#
###.......#.....#..'.)...#.#
#
##......#.....#..'.....#.##
#......####'†#..#######..#
###..#......H@B°.........#
##............°........#
#...#######..#°'#######
#...#....)'..#.....#
#...#.....').#.....#
##.##....)#[.#.....#
#..#.....#..#.....#
##.#∩....#..#.....#
#.#######..#######


You could see a boulder beetle (rolling) and a manticore.

Vanquished Creatures
  2 orc warlords
  An ironbound preserver (D:13)
  Nessos (Orc:2)
  Snorg (Lair:5)
  A hydra (Lair:4)
  2 centaur warriors (D:13)
  2 two-headed ogres
  2 death yaks (Lair:2)
  A skyshark (Lair:3)
  4 orc high priests
  7 orc knights
  A lindwurm (Lair:1)
  4 orc sorcerers
  8 ugly things
  4 manticores
  6 black mambas
  5 cyclopes
  3 elephants (Lair:4)
  A gargoyle (D:13)
  9 cane toads
  3 rime drakes
  A rime drake (shapeshifter) (D:12)
  6 komodo dragons
  7 trolls
  A meliai (Lair:2)
  3 polar bears
  Grinder (D:3)
  6 hornets
  5 blink frogs
  12 slime creatures
  7 dream sheep
  A centaur simulacrum (D:14)
  54 yaks
  13 spriggans
  3 shadows
  2 wraiths
  A vampire (D:12)
  Eustachio (D:4)
  4 wyverns
  4 basilisks
  3 vampire mosquitoes (D:12)
  Grum (D:8)
  A steam dragon (D:9)
  5 wargs
  Edmund (D:6)
  6 water moccasins
  3 acid dragons
  6 black bears
  2 ice beasts
  3 sky beasts
  29 orc warriors
  3 boggarts (Lair:5)
  9 ogres
  8 centaurs
  28 wolves
  2 phantoms (D:10)
  6 bullfrogs
  2 kobold brigands
  3 scorpions
  3 gnoll sergeants
  3 troll zombies (D:10)
  8 killer bees
  3 howler monkeys
  3 electric eels (Lair:3)
  27 orc priests
  A gnoll bouda (D:10)
  2 hounds
  Crazy Yiuf (D:4)
  3 sleepcaps
  10 hell rats (Lair:5)
  5 iguanas
  Natasha (twice) (D:4)
  32 orc wizards
  3 ogre zombies (D:10)
  13 gnolls
  5 adders
  2 white imps
  A worm (D:3)
  A dart slug (D:1)
  61 orcs
  5 endoplasms
  3 giant cockroaches (D:1)
  6 goblins
  8 hobgoblins
  2 jackals (D:3)
  2 quokkas
  6 ball pythons
  5 bats
  4 frilled lizards
  A goblin skeleton (D:10)
  2 goblin zombies (D:10)
  A hobgoblin zombie (D:10)
  18 kobolds
  An orc skeleton (D:10)
  14 orc zombies (D:10)
  6 rats
  A spectral goblin (D:1)
595 creatures vanquished.

Vanquished Creatures (others)
  An orc warrior (Orc:2)
  A wolf (Lair:5)
  A boggart (Lair:4)
  3 orcs (D:9)
  39 fungi
  56 plants
101 creatures vanquished.

Grand Total: 696 creatures vanquished

Notes
Turn   | Place    | Note
-------+----------+-------------------------------------------
     0 | D:1      | jasper the Demonspawn Fighter began the quest for the Orb.
     0 | D:1      | Reached XP level 1. HP: 18/18 MP: 1/1
   183 | D:1      | Found a faded altar of an unknown god.
   233 | D:1      | Gained mutation: You have a small tail. [demonic ancestry]
   233 | D:1      | Reached XP level 2. HP: 24/24 MP: 2/2
   467 | D:1      | Got Sugiacw's Annotations on Pneumatic Places
   864 | D:2      | Reached XP level 3. HP: 29/29 MP: 3/3
  1013 | D:2      | Reached skill level 3 in Shields
  1335 | D:2      | Reached XP level 4. HP: 35/35 MP: 4/4
  1872 | D:3      | Noticed a black bear
  1877 | D:3      | Killed a black bear
  1878 | D:3      | Gained mutation: You are partially covered in large bone
                  | plates. (SH +4) [demonic ancestry]
  1878 | D:3      | Reached XP level 5. HP: 42/42 MP: 5/5
  1898 | D:3      | Noticed Grinder
  1913 | D:3      | Killed Grinder
  1914 | D:3      | Reached XP level 6. HP: 33/48 MP: 6/6
  2574 | D:4      | Noticed Eustachio
  2613 | D:4      | Killed Eustachio
  2614 | D:4      | Reached skill level 4 in Shields
  2614 | D:4      | Reached XP level 7. HP: 37/55 MP: 7/7
  2790 | D:4      | Found a runed translucent door.
  2791 | D:4      | Noticed Crazy Yiuf
  2961 | D:4      | Found Xep Pio's Weapon Shop.
  2971 | D:4      | Reached skill level 5 in Long Blades
  3444 | D:4      | Found a staircase to the Ecumenical Temple.
  3455 | Temple   | Entered the Ecumenical Temple
  3520 | D:4      | Found a hide-covered altar of Uskayaw.
  3534 | D:4      | Found a shadowy altar of Dithmenos.
  3534 | D:4      | Noticed Natasha
  3545 | D:4      | Killed Natasha
  3546 | D:4      | Reached skill level 5 in Fighting
  3847 | D:4      | Found a faded altar of an unknown god.
  3847 | D:4      | Found a broken altar of Ashenzari.
  3855 | D:4      | Found a faded altar of an unknown god.
  3858 | D:4      | Found an iron altar of Okawaru.
  3873 | D:4      | Became a worshipper of Warmaster Okawaru
  4036 | D:4      | Killed Crazy Yiuf
  4077 | D:5      | Entered Level 5 of the Dungeon
  4168 | D:5      | Gained mutation: Spells you cast may paralyse adjacent
                  | enemies. [demonic ancestry]
  4168 | D:5      | Reached XP level 8. HP: 49/62 MP: 8/8
  4256 | D:4      | Noticed Natasha
  4262 | D:4      | Killed Natasha
  4384 | D:5      | Found a radiant altar of Vehumet.
  4455 | D:5      | Reached * piety under Okawaru
  4485 | D:5      | Found Soijunk's Assorted Antiques.
  4493 | D:5      | Bought a potion of curing for 72 gold pieces
  4493 | D:5      | Bought a murky black potion for 21 gold pieces
  5316 | D:6      | Noticed Edmund
  5336 | D:5      | Reached skill level 1 in Throwing
  5612 | D:6      | Killed Edmund
  5900 | D:6      | Identified the +3 long sword "Bingo" {holy, rF+ Int+3}
  6209 | D:7      | Reached skill level 5 in Throwing
  6267 | D:7      | Reached ** piety under Okawaru
  6357 | D:7      | Reached skill level 5 in Armour
  6357 | D:7      | Gained mutation: You sometimes gain a little power by
                  | taking damage. [demonic ancestry]
  6357 | D:7      | Reached XP level 9. HP: 68/68 MP: 11/11
  7183 | D:8      | Identified the +1 robe of Experimentation {rF+}
  7296 | D:8      | Found a bloodstained altar of Trog.
  7324 | D:8      | Noticed Grum
  7347 | D:8      | Reached *** piety under Okawaru
  7360 | D:8      | Killed Grum
  7615 | D:8      | Found a bloodstained altar of Trog.
  7779 | D:8      | Gained mutation: You have a tail ending in a sharp stinger.
                  | [demonic ancestry]
  7779 | D:8      | Reached XP level 10. HP: 79/79 MP: 12/12
  7871 | D:9      | Noticed a two-headed ogre
  8441 | D:9      | Received a gift from Okawaru
  8848 | D:9      | Reached **** piety under Okawaru
  8983 | D:9      | Killed a two-headed ogre
  8984 | D:9      | Reached skill level 5 in Invocations
  9219 | D:9      | Received a gift from Okawaru
  9456 | D:10     | Entered Level 10 of the Dungeon
  9904 | D:10     | Identified the +6 flail "Yquit" {venom, rCorr Dex+5 SInv}
  9971 | D:10     | Gained mutation: Spells you cast may paralyse nearby
                  | enemies. [demonic ancestry]
  9971 | D:10     | Reached XP level 11. HP: 37/86 MP: 16/16
 10567 | D:10     | Found a staircase to the Orcish Mines.
 10619 | D:10     | Reached skill level 10 in Long Blades
 11490 | D:10     | Reached skill level 5 in Shields
 11960 | D:11     | Noticed a two-headed ogre
 12548 | D:11     | Killed a two-headed ogre
 12727 | D:11     | Noticed a brown ugly thing
 12749 | D:11     | Killed a brown ugly thing
 12845 | D:11     | Found a staircase to the Lair.
 12965 | D:11     | Received a gift from Okawaru
 12966 | D:11     | Reached skill level 6 in Shields
 13196 | Lair:1   | Entered Level 1 of the Lair of Beasts
 13343 | Lair:1   | Noticed a lindwurm
 13345 | Lair:1   | Received a gift from Okawaru
 13356 | Lair:1   | Killed a lindwurm
 14167 | Lair:1   | Identified the +3 dire flail "Zutydody" {protect, rCorr}
 14375 | Lair:2   | Reached XP level 12. HP: 75/92 MP: 18/18
 15836 | Lair:3   | Noticed a death yak
 15839 | Lair:3   | Noticed a death yak
 15839 | Lair:3   | Noticed a death yak
 15849 | Lair:3   | Noticed a death yak
 15850 | Lair:3   | Noticed a death yak
 15866 | Lair:2   | Killed a death yak
 15885 | Lair:2   | Killed a death yak
 16128 | Lair:3   | You fall into a shaft and drop 1 floor!
 16194 | Lair:4   | Found a staircase to the Slime Pits.
 16222 | Lair:4   | Received a gift from Okawaru
 16275 | Lair:4   | Reached skill level 7 in Shields
 16376 | Lair:4   | Noticed a seven-headed hydra
 16435 | Lair:4   | Killed a seven-headed hydra
 16450 | Lair:4   | Reached skill level 8 in Shields
 17513 | Lair:5   | Entered Level 5 of the Lair of Beasts
 17698 | Lair:5   | Reached skill level 9 in Shields
 17771 | Lair:5   | Noticed Snorg
 18119 | D:12     | Reached ***** piety under Okawaru
 18120 | D:12     | Reached XP level 13. HP: 87/98 MP: 19/19
 18274 | D:12     | Received a gift from Okawaru
 18282 | D:12     | Identified the ring "Gapnofaa" {Wiz *Corrode rF+++}
 18422 | D:12     | Reached skill level 10 in Shields
 19455 | D:12     | Reached skill level 11 in Shields
 19502 | D:12     | You fall into a shaft and drop 2 floors!
 19894 | D:13     | Found a runed translucent door.
 20238 | Orc:1    | Entered Level 1 of the Orcish Mines
 20241 | Orc:1    | Noticed an orc warlord
 20337 | D:10     | Killed an orc warlord
 20368 | D:10     | Reached skill level 12 in Shields
 20904 | Orc:1    | Noticed an orc warlord
 20949 | Orc:1    | Killed an orc warlord
 21803 | Orc:1    | Received a gift from Okawaru
 22405 | Orc:1    | Reached skill level 13 in Shields
 22681 | Orc:2    | Entered Level 2 of the Orcish Mines
 23115 | Orc:2    | Found a staircase to the Elven Halls.
 23129 | Orc:2    | Noticed Nessos
 23925 | Orc:2    | Killed Nessos
 24691 | Orc:2    | Reached XP level 14. HP: 79/104 MP: 20/20
 26105 | Orc:2    | Reached skill level 14 in Shields
 26344 | Orc:2    | Paralysed by an orc sorcerer for 2 turns
 26349 | Orc:2    | Found Yjuomog's Armour Emporium.
 26349 | Orc:2    | Found Qerumuq's Armour Boutique.
 26351 | Orc:2    | Found Logugesida's Antique Armour Emporium.
 26351 | Orc:2    | Found Sekanag's Antique Armour Boutique.
 26359 | Orc:2    | Paralysed by an orc sorcerer for 3 turns
 26417 | Orc:2    | Bought a +1 pair of gloves of infusion for 247 gold pieces
 26423 | Orc:2    | Bought a +2 pair of boots of flying for 322 gold pieces
 26428 | Orc:2    | Bought +1 ice dragon scales for 1005 gold pieces
 26814 | Lair:2   | Identified the +2 robe "Uhoall" {Rampage +Blink rF++ Dex-3}
 26969 | Lair:2   | Found a hole to the Spider Nest.
 27815 | Lair:5   | Killed Snorg
 28172 | Lair:5   | Reached skill level 15 in Shields
 28707 | Lair:4   | Reached skill level 1 in Evocations
 28910 | Lair:4   | Reached skill level 1 in Dodging
 30467 | D:13     | Found a gate to the Vaults.
 30467 | D:13     | Noticed an ironbound preserver
 30502 | D:13     | Killed an ironbound preserver
 30803 | D:13     | Slain by a boulder beetle

Illustrated notes

Levels and vault maps discovered:
D:1:      dpeg_arrival_boxes_within_box, layout_rooms,
          dreamdust_ecumenical_altar_drowned_temple
D:2:      layout_basic
D:3:      layout_loops_ring, uniq_grinder
D:4:      layout_basic, chequers_temple_overflow_minitemple,
          mainiacjoe_overflow_catch_the_wave, minmay_temple_entry_stoned_glass,
          minmay_misc_feat_diagonals, nicolae_take_the_stairs,
          uniq_crazy_yiuf_cottage, uniq_eustachio, uniq_natasha
D:5:      layout_layer_cave, nicolae_vehumet_radiance, serial_shops, shop
D:6:      layout_loops_ring, uniq_edmund
D:7:      layout_rooms, kennysheep_generic_room_13
D:8:      layout_cave_pools, bloody_trog, david_defended_altar_orc, uniq_grum
D:9:      layout_grid_maze, dreamdust_wishing_well, chequers_mini_garden,
          kennysheep_decorative_pillar
D:10:     layout_gridville, zombieorc1_lemuel
D:11:     layout_cross, erik_lair_orcish_takeover
D:12:     minmay_tri_box, layout_basic
D:13:     layout_rooms, skrybe_vaults_entry_preservation,
          hellmonk_ghost_big_iron, nicolae_ru_awakened_eye
D:14:     layout_long_grid, minmay_misc_feat_room
Temple:   eino_wide_crystal_templ
Lair:1:   layout_regular_city, lemuel_fruit_tree
Lair:2:   layout_hall_layers, hellmonk_spider_entry_not_the_bees,
          gauntlet_entry_generic
Lair:3:   layout_cave_shapes, shoals_dummy_entry, serial_bayou,
          serial_bayou_pond_d, serial_bayou_lake_a, serial_bayou_crossing,
          serial_bayou_shore_b, serial_bayou_pond_c, serial_bayou_shore_a,
          chequers_serial_rivers_micro_e
Lair:4:   layout_cave_shapes, slime_entry_1, lemuel_fruit_fields
Lair:5:   minmay_lair_end_enchanted_forest, layout_gridlike, uniq_snorg
Orc:1:    orc_temple, layout_caves, basic_altar
Orc:2:    grunt_orc_tribal_feast, layout_diamond_mine, uniq_nessos

Skill      XL: |  1  2  3  4  5  6  7  8  9 10 11 12 13 14 |
---------------+-------------------------------------------+-----
Long Blades    | 2 3 4 5 6 8 9 12 14 | 14.0
Armour         | 3 4 5 6 7 |  7.7
Shields        | 3 4 6 9 13 15 | 15.0
Fighting       | 4 5 7 9 |  9.1
Invocations    | 3 7 8 |  8.1
Throwing       | 5 |  5.0
Evocations     | 2 |  2.8
Dodging        | 2 |  2.4

Action                     |  1- 3 |  4- 6 |  7- 9 | 10-12 | 13-15 || total
---------------------------+-------+-------+-------+-------+-------++-------
  Melee: Long sword        |    97 |    67 |   384 |   457 |       ||  1005
         Tailslap          |     4 |     7 |    72 |   188 |   316 ||   587
         Scimitar          |       |       |       |   570 |  1600 ||  2170
         Short sword       |       |       |       |    27 |       ||    27
  Throw: Dart              |    18 |    23 |    17 |    93 |    28 ||   179
         Stone             |       |       |    32 |    79 |    17 ||   128
         Boomerang         |       |       |    71 |    21 |   132 ||   224
         Javelin           |       |       |       |     5 |    28 ||    33
 Invoke: Heroism           |       |       |     6 |    20 |    20 ||    46
         Finesse           |       |       |       |     3 |     5 ||     8
  Evoke: Wand              |       |     2 |     2 |     6 |     8 ||    18
    Use: Potion            |     3 |     1 |     2 |     2 |     6 ||    14
         Scroll            |       |     5 |    12 |     7 |     4 ||    28
   Stab: Invisible         |       |       |       |       |     3 ||     3
 Armour: Scale mail        |    40 |    34 |    68 |       |       ||   142
         Skin              |    28 |       |       |       |       ||    28
         Chain mail        |       |       |   124 |   449 |   231 ||   804
         Ice dragon scales |       |       |       |       |   160 ||   160
  Dodge: Dodged            |    31 |    35 |   164 |   456 |   477 ||  1163
  Block: Buckler           |    25 |    34 |   211 |   120 |       ||   390
         Kite shield       |       |       |       |   679 |  1260 ||  1939

Table legend: (Time is in decaauts)
 A = Elapsed time spent in this place.
 B = Non-inter-level travel time spent in this place.
 C = Inter-level travel time spent in this place.
 D = Time resting spent in this place.
 E = Time spent auto-exploring this place.
 F = Levels seen in this place.
 G = Mean time per level.
                   A        B        C        D        E       F      G
               +--------+--------+--------+--------+--------+-----+--------+
         Total |  30423 |  29164 |   1259 |   6306 |  16758 |  22 | 1382.9 |
       Dungeon |  16893 |  16140 |    753 |   2379 |  10310 |  14 | 1206.6 |
        Temple |     55 |     49 |      6 |      0 |     30 |   1 |   55.0 |
          Lair |   8212 |   7787 |    425 |   1462 |   4642 |   5 | 1642.4 |
  Orcish Mines |   5260 |   5186 |     74 |   2464 |   1775 |   2 | 2630.0 |
               +--------+--------+--------+--------+--------+-----+--------+

Top non-repeatable levels by time:
    D:10: 3640 daAuts
   Orc:2: 3033 daAuts
  Lair:4: 2376 daAuts
   Orc:1: 2227 daAuts
  Lair:5: 2105 daAuts
    D:12: 1892 daAuts
  Lair:2: 1810 daAuts
     D:4: 1608 daAuts
     D:9: 1401 daAuts
  Lair:1: 1226 daAuts
     D:8: 1213 daAuts
     D:5: 1136 daAuts
     D:3: 961 daAuts
     D:7: 898 daAuts
     D:2: 882 daAuts
